 Dungeon Crawl Stone Soup version 0.30-a0-1066-g63dfefce0d (webtiles) character file.

Game seed: 17933283406307980401

123 GigaChad the Shield-Bearer (level 5, -5/42 HPs)
             Began as a Formicid Fighter on Apr 13, 2023.
             Was an Initiate of Gozag.
             Slain by BubbleThief's ghost (9 damage)
             ... on level 3 of the Dungeon.
             The game lasted 00:06:02 (2618 turns).

GigaChad the Shield-Bearer (Formicid Fighter)       Turns: 2618, Time: 00:06:06

Health: -5/42      AC: 10    Str: 23    XL:     5   Next: 29%
Magic:  5/5        EV:  8    Int:  7    God:    Gozag
Gold:   230        SH:  5    Dex: 13    Spells: 4/4 levels left

rFire   . . .      SeeInvis +    a - +1 war axe
rCold   . . .      Faith    .    c - +0 buckler
rNeg    . . .      Spirit   .    p - +0 chain mail
rPois   +          Reflect  .    (helmet unavailable)
rElec   .          Rampage  .    f - +0 cloak
rCorr   .                        (no gloves)
Will    .....                    (no boots) Stlth
                                 (no amulet)
HPRegen 0.27/turn                e - ring of poison resistance
MPRegen 0.09/turn                (no ring)

@: no status effects
A: permanent stasis, dig shafts and tunnels, antennae 3, four strong arms
a: Dig, Shaft Self, Renounce Religion, Potion Petition, Call Merchant, Bribe
Branch


You were on level 3 of the Dungeon.
You worshipped Gozag.
Gozag was aware of your devotion.
You visited 1 branch of the dungeon, and saw 3 of its levels.

You collected 295 gold pieces.
You paid 65 gold pieces to Gozag.

Inventory:

Hand Weapons
 a - a +1 war axe (weapon)
Missiles
 n - 3 boomerangs
Armour
 b - a +0 scale mail
 c - a +0 buckler (worn)
 f - a +0 cloak (worn)
 p - a +0 chain mail (worn)
Jewellery
 e - a ring of poison resistance (left hand)
Scrolls
 i - a scroll of fog
 l - a scroll of identify
Potions
 d - a potion of might
 g - 2 potions of flight
 h - a potion of cancellation {unknown}
 j - a potion of lignification {unknown}
 k - a potion of brilliance {unknown}
 m - a potion of heal wounds {unknown}
 o - 2 potions of curing {unknown}
 q - a potion of haste {unknown}


   Skills:
 * Level 4.0 Fighting
 * Level 3.7 Axes
 * Level 3.9 Armour
 - Level 0.3 Dodging
 * Level 4.6 Shields


You had 4 spell levels left.
You didn't know any spells.
Your spell library contained the following spells:

 Spells                   Type           Power      Damage    Failure   Level
 Arcjolt                  Conj/Air       0%         1d10      100%        5
 Plasma Beam              Fire/Air       0%         2x1d11    100%        6
 Vhi's Electric Charge    Tloc/Air       Unusable   N/A       N/A         3

Dungeon Overview and Level Annotations

Branches:
Dungeon (3/15)

Altars:
Ashenzari
Dithmenos
Fedhas
Gozag

Annotations:
D:3 BubbleThief's ghost, amateur NaCA; GigaChad's ghost, weakling FoFi; soul19's ghost, weakling TrWr


Innate Abilities, Weirdness & Mutations

You cannot be hasted, slowed, berserked, paralysed or teleported.
You can dig through walls and to a lower floor.
You have a pair of large antennae on your head. (SInv)
Your four strong arms can wield two-handed weapons with a shield.


Message History

Key pressed, stopping explore.
No target in view!
There is a stone staircase leading down here.
Key pressed, stopping explore.
No target in view!
No target in view!
You see here a +0 whip.
You see here a +0 club.
You see here a staff of fire.
GigaChad's ghost turns its malevolent gaze towards you.
BubbleThief's ghost turns its malevolent gaze towards you.
GigaChad's ghost keens inconsolably.
Soul19's ghost whispers, "Trust me.
Just give in."
No reachable target in view!
Could not explore, unopened runed door.
No reachable target in view!
Could not explore, unopened runed door.
No reachable target in view!
Could not explore, unopened runed door.
No reachable target in view!
As you open the gate, it creaks loudly!
BubbleThief's ghost ripples.
You slash GigaChad's ghost!
GigaChad's ghost is moderately damaged.
You hit soul19's ghost. Soul19's ghost barely misses you.
GigaChad's ghost hits you! BubbleThief's ghost closely misses you.
Soul19's ghost hits you!
You hit BubbleThief's ghost.
BubbleThief's ghost is lightly damaged.
You hit GigaChad's ghost but do no damage.
You closely miss soul19's ghost. GigaChad's ghost hits you!
You block BubbleThief's ghost's attack. Soul19's ghost hits you!
* * * LOW HITPOINT WARNING * * *
You hit BubbleThief's ghost.
BubbleThief's ghost is moderately damaged.
You closely miss soul19's ghost.
You hit GigaChad's ghost but do no damage.
GigaChad's ghost closely misses you. BubbleThief's ghost hits you!
You die...
Your body crumbles into a pile of gold.

#...........# #...# #...........#
#...# #...###+##########
####.#####
.<...............#♣⌠♣!##'...###
...############..#....8###....###
^................#.....$#'.......
#..##########.#..'.....$##....###
...# #...WW.....8 #....... ...#
#########.@W..|..=##....... ...#
#....####..#......#........ ...#
#....##....#....8##........
...####....##.####♣⌠♣)###........
..........|...# ####### ###......
..........#######.# #......
#'#######.##......# ###########..
#.# #.##.###..# #.........###
#'## #.##...#..# #.#######.###


You could see BubbleThief's ghost, GigaChad's ghost and soul19's ghost.

Vanquished Creatures
  An orc wizard (D:3)
  An adder (D:3)
  2 worms
  2 orcs (D:3)
  6 ball pythons
  5 bats
  8 endoplasms
  4 giant cockroaches
  11 hobgoblins
  4 jackals (D:1)
  6 kobolds
  5 quokkas
  3 frilled lizards
  9 goblins
  6 rats
73 creatures vanquished.

Notes
Turn   | Place    | Note
-------+----------+-------------------------------------------
     0 | D:1      | GigaChad the Formicid Fighter began the quest for the Orb.
     0 | D:1      | Reached XP level 1. HP: 18/18 MP: 1/1
   105 | D:1      | Reached XP level 2. HP: 20/24 MP: 2/2
   224 | D:1      | Reached XP level 3. HP: 26/29 MP: 3/3
   707 | D:2      | Reached XP level 4. HP: 28/37 MP: 4/4
  1701 | D:3      | Found an opulent altar of Gozag.
  1709 | D:3      | Became a worshipper of Gozag Ym Sagoz the Greedy
  1763 | D:3      | Reached XP level 5. HP: 30/42 MP: 5/5
  1827 | D:3      | Found a runed translucent gate.
  1827 | D:3      | Found a runed translucent gate.
  1828 | D:3      | Found a runed translucent gate.
  1832 | D:3      | Noticed GigaChad's ghost (weakling FoFi)
  1832 | D:3      | Noticed soul19's ghost (weakling TrWr)
  1832 | D:3      | Noticed BubbleThief's ghost (amateur NaCA)
  2028 | D:3      | Found a broken altar of Ashenzari.
  2124 | D:3      | Found a blossoming altar of Fedhas.
  2124 | D:3      | Found a shadowy altar of Dithmenos.
  2618 | D:3      | Slain by BubbleThief's ghost

Illustrated notes

Levels and vault maps discovered:
D:1:      minmay_arrival_shoal_huts, layout_rooms
D:2:      layout_basic
D:3:      layout_basic, gammafunk_temple_overflow_wave,
          mainiacjoe_overflow_alcove_4, general_overflow_altar,
          gammafunk_ghost_cemetery

Skill      XL: |  1  2  3  4  5 |
---------------+----------------+-----
Axes           | 3 |  3.7
Fighting       | 4 |  4.0
Armour         | |  3.9
Dodging        | |  0.3
Shields        | |  4.6

Action                     |  1- 3 |  4- 6 || total
---------------------------+-------+-------++-------
  Melee: War axe           |    76 |    77 ||   153
Ability: Dig               |     2 |       ||     2
    Use: Scroll            |       |     8 ||     8
 Armour: Scale mail        |    62 |     7 ||    69
         Chain mail        |       |    35 ||    35
  Dodge: Dodged            |    47 |    30 ||    77
  Block: Buckler           |    30 |    17 ||    47

Table legend: (Time is in decaauts)
 A = Elapsed time spent in this place.
 B = Non-inter-level travel time spent in this place.
 C = Inter-level travel time spent in this place.
 D = Time resting spent in this place.
 E = Time spent auto-exploring this place.
 F = Levels seen in this place.
 G = Mean time per level.
                   A        B        C        D        E       F      G
               +--------+--------+--------+--------+--------+-----+--------+
         Total |   2677 |   2581 |     96 |      0 |   1915 |   3 |  892.3 |
       Dungeon |   2677 |   2581 |     96 |      0 |   1915 |   3 |  892.3 |
               +--------+--------+--------+--------+--------+-----+--------+

Top non-repeatable levels by time:
     D:2: 1083 daAuts
     D:3: 977 daAuts
     D:1: 617 daAuts
